 Dungeon Crawl Stone Soup version 0.25-a0-492-g44cc58d149 (webtiles) character file.

Game seed: 8811516918288355716, levelgen mode: deterministic

11352 kae the Slicer (level 12, -4/80 HPs)
             Began as a Kobold Enchanter on Feb 11, 2020.
             Was a Priest of Dithmenos.
             Slain by a minotaur
             ... wielding the +2 falchion "Earthworm" {protect, rElec}
              (12 damage)
             ... in a Gauntlet.
             The game lasted 00:26:17 (16203 turns).

kae the Slicer (Kobold Enchanter)                  Turns: 16203, Time: 00:26:18

Health: -4/80      AC:  6    Str:  5    XL:     12   Next: 6%
Magic:  19/28      EV: 21    Int: 17    God:    Dithmenos [***...]
Gold:   847        SH:  0    Dex: 20    Spells: 9/21 levels left

rFire    . . .     SeeInvis .   k - +11 rapier of Ojuosuh {vorpal, rPois}
rCold    + . .     Gourm    .   (shield restricted)
rNeg     + . .     Faith    .   H - +0 robe {rN+}
rPois    +         Spirit   .   (no helmet)
rElec    .         Reflect  .   (no cloak)
rCorr    .         Harm     .   j - +1 pair of gloves
MR       +....     NoTele   +   l - +1 pair of boots
Stlth    +++++.....             (no amulet)
HPRegen  0.23/turn              y - ring of poison resistance
MPRegen  0.21/turn              f - ring of magical power

@: confusing touch, wreathed by umbra
A: small, carnivore, cold resistance 1, magic resistance 1
a: Shadow Step, Renounce Religion


You were in a Gauntlet.
You worshipped Dithmenos.
Dithmenos was most pleased with you.
You were not hungry.

You visited 2 branches of the dungeon, and saw 12 of its levels.
You also visited: Sewer and Gauntlet.

You collected 847 gold pieces.

Inventory:

Hand Weapons
 a - a +0 dagger of flaming
 b - a +2 dagger of venom
 k - the +11 rapier of Ojuosuh (weapon) {vorpal, rPois}
   (You found it in a Gauntlet)

   It inflicts extra damage upon your enemies.
   It protects you from poison.
 n - a +1 dagger
 u - a +0 vampiric short sword
 E - a +5 dagger
Armour
 j - a +1 pair of gloves (worn)
 l - a +1 pair of boots (worn)
 B - +1 swamp dragon scales
 H - a +0 robe of positive energy (worn)
Jewellery
 f - a ring of magical power (right hand)
 g - an uncursed ring of resist corrosion
 t - the cursed ring of Hefaa {*Corrode rElec Int-2 Slay+5, unknown}
   (You found it in a Gauntlet)

   [ring of intelligence]

   It affects your intelligence (-2).
   It affects your accuracy and damage with ranged weapons and melee attacks
   (+5).
   It insulates you from electricity.
   It may corrode you when you take damage.
   It has a curse placed upon it.
 v - an uncursed ring of protection from cold
 y - a ring of poison resistance (left hand)
 F - the amulet of Tywadeimm {Harm *Drain Int+2 Slay+3}
   (You found it on level 8 of the Dungeon)

   [amulet of harm]

   It increases damage dealt and taken.
   It affects your intelligence (+2).
   It affects your accuracy and damage with ranged weapons and melee attacks
   (+3).
   It causes draining when unequipped.
Wands
 c - a wand of scattershot (12)
 h - a wand of paralysis (10)
 o - a wand of enslavement (4)
 A - a wand of disintegration (13)
 J - a wand of flame (15)
Scrolls
 p - 3 scrolls of teleportation
 r - 5 scrolls of remove curse
 w - a scroll of fog
 M - 3 scrolls of enchant weapon
Potions
 e - 2 potions of lignification
 i - 3 potions of brilliance
 m - a potion of ambrosia
 q - 3 potions of berserk rage
 x - a potion of agility
 z - a potion of might
 C - a potion of mutation
 G - a potion of resistance {unknown}
 L - a potion of flight {unknown}
Comestibles
 d - 33 rations


   Skills:
 - Level 11.5 Fighting
 - Level 12.0 Short Blades
 - Level 8.0 Dodging
 + Level 6.0 Stealth
 - Level 5.0 Spellcasting
 - Level 7.1 Hexes
 - Level 5.0 Invocations


You had 9 spell levels left.
You knew the following spells:

 Your Spells              Type           Power        Failure   Level  Hunger
a - Corona                Hex            ####...      1%          1    None
b - Ensorcelled Hibernat  Hex/Ice        ###...       4%          2    #......
c - Confusing Touch       Hex            ####....     2%          3    ###....
d - Tukima's Dance        Hex            ####....     2%          3    ###....
e - Dazzling Flash        Conj/Hex       ###...       10%         3    ###....

Your spell library contained the following spells:

 Spells                   Type           Power        Failure   Level  Hunger
 Sandblast                Erth           #.....       14%         1    None
 Passwall                 Tmut/Erth      #.......     22%         2    #......
 Stone Arrow              Conj/Erth      #.....       38%         3    ###....
 Petrify                  Tmut/Erth      #.......     80%         4    ####...
 Lee's Rapid Deconstruct  Erth           #.........   98%         5    ######.


Dungeon Overview and Level Annotations

Branches:
Dungeon (11/15)            Temple (0/1) D:6            Lair (1/6) D:11
  Sewer (visited)         Gauntlet (1/1)
    Orc: D:9-12

Altars:
Ashenzari
Dithmenos
Elyvilon
Kikubaaqudgha
Makhleb
Nemelex Xobeh
Ru
Sif Muna
Trog
Xom
Yredelemnul
Zin
The Shining One

Shops:
D:9 [

Annotations:
D:6 2 transporters, Menkaure
D:11 exclusion: ice statue Gauntlet 8 transporters


Innate Abilities, Weirdness & Mutations

You are small and have problems with some larger weapons.
You are carnivorous and can eat meat at any time.
Your flesh is cold resistant. (rC+)
You are resistant to hostile enchantments. (MR+)


Message History

The minotaur hits you with the +2 falchion "Earthworm" {protect, rElec}!!
The minotaur gores you!
* * * LOW HITPOINT WARNING * * *
Okay, then.
Okay, then.
The minotaur throws a silver javelin.
The silver javelin misses you.
You see here a silver javelin.
Your magical contamination has completely faded away.
You feel better.
You feel better.
Okay, then.
Your +2 dagger of venom stops dripping with poison.
k - the +11 rapier of Ojuosuh (weapon)
{vorpal, rPois} The minotaur hits you with the +2 falchion "Earthworm" {protect, rElec}!!
* * * LOW HITPOINT WARNING * * *
The minotaur gores you.
* * * LOW HITPOINT WARNING * * *
Okay, then.
You feel better. The minotaur misses you. The minotaur gores you!
You die...

....##.#..#####
.##.##.#..#≈8≈#
.##.#.§#..#...#######
.©..##.#..#.8.##....#
.##.##.#..#...##.##.#
.###...#..#.8....##.#
....##.#..#...##.##.#
########..#...##.H((#
.........≈#.©.##@##(#
.........∩#......##.'...∩≈#
.........≈#.©.##.##.#.#.≈≈#
########..#...##....#.# ≈#
5#...35#..#...##.##.# #
#..##..#..#.8....##.#
##..#..#..#...##.##.#
#..##.5#..#.8.##....#
##©.#.©#..#.§§# ##


You could see a minotaur.

Vanquished Creatures
  3 two-headed ogres
  A cyclops (D:7)
  Joseph (D:7)
  Psyche (D:9)
  A gargoyle (D:11)
  Maggie (D:7)
  A komodo dragon (D:11)
  A troll (D:11)
  Grinder (D:4)
  A hornet (D:10)
  5 hippogriffs
  A wyvern (D:8)
  Grum (D:9)
  A wraith (D:11)
  A hungry ghost (D:11)
  3 water moccasins
  2 hell hounds (Gauntlet)
  A porcupine (Lair:1)
  3 sky beasts
  2 orc warriors
  2 necrophages
  2 phantoms
  2 black bears (D:7)
  2 ogres
  5 centaurs
  4 wolves
  2 crocodiles
  A big kobold (D:9)
  9 bullfrogs
  4 scorpions
  16 wights
  2 electric eels (D:10)
  2 howler monkeys
  5 crimson imps
  A bullfrog zombie (D:11)
  A quasit (D:9)
  A centaur zombie (D:10)
  3 jellies
  A centaur skeleton (D:11)
  An orc priest (D:2)
  A bullfrog skeleton (D:6)
  3 hounds
  3 iguanas
  7 orc wizards
  5 worker ants
  3 hound skeletons
  A worker ant zombie (D:6)
  3 gnolls (D:7)
  11 adders
  An ooze (D:3)
  An adder skeleton (D:4)
  5 worms
  4 dart slugs (D:1)
  9 leopard geckos
  31 orcs
  A ball python (D:1)
  16 bats
  8 giant cockroaches
  6 goblins
  5 hobgoblins
  8 jackals
  4 quokkas
  9 kobolds
  A leopard gecko zombie (D:5)
  A quokka skeleton (D:8)
  A quokka zombie (D:6)
  11 rats
257 creatures vanquished.

Vanquished Creatures (others)
  A jackal skeleton (D:7)
  10 fungi (Gauntlet)
  15 plants
26 creatures vanquished.

Grand Total: 283 creatures vanquished

Notes
Turn   | Place    | Note
-------+----------+-------------------------------------------
     0 | D:1      | kae the Kobold Enchanter began the quest for the Orb.
     0 | D:1      | Reached XP level 1. HP: 10/10 MP: 3/3
   297 | D:1      | Reached XP level 2. HP: 13/15 MP: 1/5
   480 | D:1      | Learned a level 2 spell: Ensorcelled Hibernation
   525 | D:1      | Reached skill level 2 in Short Blades
   753 | D:1      | Reached XP level 3. HP: 12/19 MP: 3/6
  1746 | D:2      | Reached skill level 3 in Short Blades
  1854 | D:2      | Reached XP level 4. HP: 16/24 MP: 7/7
  3473 | D:2      | Reached XP level 5. HP: 16/28 MP: 2/9
  3740 | D:2      | Reached skill level 4 in Short Blades
  3740 | D:2      | Reached skill level 5 in Stealth
  4342 | D:3      | Reached XP level 6. HP: 32/32 MP: 10/10
  4463 | D:3      | Reached skill level 5 in Short Blades
  4536 | D:3      | Found a glowing drain.
  4651 | Sewer    | Entered a sewer
  4693 | Sewer    | Gained mutation: Your flesh is cold resistant. (rC+)
                  | [potion of mutation]
  4693 | Sewer    | Gained mutation: You are resistant to hostile enchantments.
                  | (MR+) [potion of mutation]
  4842 | D:3      | Reached skill level 6 in Short Blades
  5198 | D:3      | Reached XP level 7. HP: 36/36 MP: 11/11
  5461 | D:3      | Found a glowing golden altar of the Shining One.
  5461 | D:3      | Found a white marble altar of Elyvilon.
  5462 | D:3      | Found a glowing silver altar of Zin.
  5677 | D:4      | Reached skill level 7 in Short Blades
  5714 | D:4      | Noticed Grinder
  5882 | D:4      | Learned a level 3 spell: Confusing Touch
  5896 | D:5      | Entered Level 5 of the Dungeon
  6006 | D:5      | Reached skill level 8 in Short Blades
  6006 | D:5      | Reached skill level 5 in Hexes
  6016 | D:5      | Found a shadowy altar of Dithmenos.
  6032 | D:5      | Became a worshipper of Dithmenos the Shadowed
  6161 | D:5      | Reached XP level 8. HP: 40/40 MP: 7/12
  6666 | D:5      | Found a bloodstained altar of Trog.
  6804 | D:5      | Reached skill level 9 in Short Blades
  7875 | D:4      | Killed Grinder
  7875 | D:4      | Reached skill level 10 in Short Blades
  7951 | D:6      | Noticed a wraith
  7958 | D:6      | Found a basalt altar of Yredelemnul.
  7958 | D:6      | Noticed a wraith
  7959 | D:6      | Found a transporter.
  7966 | D:6      | Reached skill level 1 in Fighting
  8003 | D:6      | Found a transporter.
  8079 | D:6      | Found a staircase to the Ecumenical Temple.
  8089 | D:6      | Reached XP level 9. HP: 47/47 MP: 13/13
  8135 | D:6      | Reached * piety under Dithmenos
  8217 | D:6      | Found an ancient bone altar of Kikubaaqudgha.
  8317 | D:6      | Noticed Menkaure
  8510 | D:6      | Found a shimmering blue altar of Sif Muna.
  8575 | D:7      | Learned a level 3 spell: Tukima's Dance
  8579 | D:7      | Learned a level 3 spell: Dazzling Flash
  8590 | D:7      | Noticed Joseph
  8777 | D:7      | Killed Joseph
  8915 | D:7      | Reached skill level 5 in Dodging
  8941 | D:7      | Noticed a cyclops
  8945 | D:7      | Killed a cyclops
  8945 | D:7      | Reached skill level 5 in Fighting
  9008 | D:7      | Noticed Maggie
  9019 | D:7      | Killed Maggie
  9019 | D:7      | Reached XP level 10. HP: 57/61 MP: 14/14
  9177 | D:7      | Noticed a two-headed ogre
  9473 | D:7      | Found a shimmering altar of Xom.
  9832 | D:7      | Killed a two-headed ogre
 10309 | D:8      | Found a sparkling altar of Nemelex Xobeh.
 10545 | D:8      | Found a sacrificial altar of Ru.
 10562 | D:8      | Reached ** piety under Dithmenos
 10864 | D:8      | Got a smoking emerald amulet
 11058 | D:8      | Reached skill level 10 in Fighting
 11193 | D:9      | Noticed Grum
 11621 | D:9      | Found a shattered altar of Ashenzari.
 11641 | D:9      | Found a burning altar of Makhleb.
 11815 | D:9      | Noticed Psyche
 11830 | D:9      | Killed Psyche
 11830 | D:9      | Reached XP level 11. HP: 28/74 MP: 2/15
 12143 | D:9      | Killed Grum
 12302 | D:9      | Noticed a two-headed ogre
 12306 | D:9      | Killed a two-headed ogre
 12306 | D:9      | Reached skill level 1 in Invocations
 12323 | D:9      | Found Liulog Ililo's Antique Armour Emporium.
 12532 | D:9      | Got a fine robe
 12543 | D:9      | Identified the cursed +0 robe of Paranoia {-Cast Str-5
                  | Dex+10 Slay+3} (You found it on level 9 of the Dungeon)
 12543 | D:9      | Lost strength.
 12571 | D:9      | Identified the amulet of Tywadeimm {Harm *Drain Int+2
                  | Slay+3} (You found it on level 8 of the Dungeon)
 12599 | D:10     | Entered Level 10 of the Dungeon
 13551 | D:10     | Reached *** piety under Dithmenos
 13618 | D:10     | Noticed a two-headed ogre
 13644 | D:10     | Killed a two-headed ogre
 13644 | D:10     | Reached skill level 11 in Short Blades
 14594 | D:11     | Found a staircase to the Lair.
 14628 | D:11     | Reached skill level 5 in Spellcasting
 14893 | D:11     | Found a shimmering altar of Xom.
 14894 | D:11     | Found a shimmering altar of Xom.
 14898 | D:11     | Found a shimmering altar of Xom.
 14973 | D:11     | Found a shimmering altar of Xom.
 15088 | D:11     | Reached skill level 5 in Invocations
 15510 | Lair:1   | Entered Level 1 of the Lair of Beasts
 15511 | Lair:1   | Reached XP level 12. HP: 80/80 MP: 19/19
 15514 | Lair:1   | Reached skill level 12 in Short Blades
 15516 | Lair:1   | Found a gate leading to a gauntlet.
 15588 | Gauntlet | Entered a Gauntlet
 15588 | Gauntlet | Found a transporter.
 15588 | Gauntlet | Found a transporter.
 15590 | Gauntlet | Noticed a fire crab
 15591 | Gauntlet | Found a transporter.
 15592 | Gauntlet | Found a transporter.
 15602 | Gauntlet | Found a transporter.
 15602 | Gauntlet | Noticed a hell beast
 15668 | Gauntlet | Found a transporter.
 15677 | Gauntlet | Noticed a sixfirhy
 15678 | Gauntlet | Found a transporter.
 15693 | Gauntlet | Found a transporter.
 15703 | Gauntlet | Found a transporter.
 15718 | Gauntlet | Found a transporter.
 15724 | Gauntlet | Found a transporter.
 15745 | Gauntlet | Found a transporter.
 16162 | Gauntlet | Got a bloodstained rapier
 16171 | Gauntlet | Got a bound pewter ring
 16189 | Gauntlet | Identified the +2 falchion "Earthworm" {protect, rElec}
 16189 | Gauntlet | Noticed a minotaur
 16202 | Gauntlet | Identified the +11 rapier of Ojuosuh {vorpal, rPois} (You
                  | found it in a Gauntlet)
 16202 | Gauntlet | HP: 3/80 [minotaur/the +2 falchion "Earthworm" {protect,
                  | rElec} (28)]
 16202 | Gauntlet | HP: 1/80 [minotaur/the +2 falchion "Earthworm" {protect,
                  | rElec} (2)]
 16203 | Gauntlet | Slain by a minotaur

Levels and vault maps discovered:
D:1:      lightli_arrival_quake, layout_basic, serial_park_tiny_2
D:2:      minmay_chambers_of_twos, layout_basic, minmay_crystal_room,
          grunt_ministairs_12
D:3:      layout_loops_ring, good_gods_mini_temple, first_ration,
          gup_sewer_entry_pipe
D:4:      layout_basic, minmay_misc_feat_room, kennysheep_small_spiral,
          wad_orctagon, uniq_grinder
D:5:      layout_basic, nicolae_dithmenos_shadow_blocks, lemuel_crystal_altar,
          minmay_strange_pillars, hangedman_decor_push,
          kennysheep_decorative_pillar
D:6:      layout_rooms, overflow_temple_1_default, gammafunk_temple_of_torment,
          minmay_temple_entry_mist
D:7:      layout_loops_cross, lemuel_crystal_altar, grunt_ogre_cave,
          kennysheep_nondescript, uniq_maggie, uniq_menkaure, uniq_joseph
D:8:      layout_rooms, nicolae_ru_sacrificial_ziggurat,
          nemelex_xobeh_ov_fountains_minmay
D:9:      layout_irregular_city, chequers_temple_overflow_statue_of_worship,
          serial_shops, kennysheep_mini, uniq_psyche, uniq_grum
D:10:     layout_basic, dk_vineyard_2, statue_in_the_mist_lemuel
D:11:     layout_rooms, david_lair_shrubbed, minivault_16, xom_redecorated
Lair:1:   cheibrodos_lair_river_kwai, layout_concentric_octagons,
          gauntlet_entry_generic, nicolae_lair_grove_arrangements
Gauntlet: gammafunk_gauntlet_shortcut [gammafunk_gauntlet_arena_arrow_garden,
          gammafunk_gauntlet_arena_crates, gammafunk_gauntlet_arena_chambers,
          nicolae_gauntlet_arena_t_cross, gammafunk_gauntlet_arena_hedges,
          gammafunk_gauntlet_arena_teeth, gauntlet_exit_watery]

Skill      XL: |  1  2  3  4  5  6  7  8  9 10 11 12 |
---------------+-------------------------------------+-----
Short Blades   | 2 3 4 6 8 10 11 12 | 12.0
Stealth        | 5 6 |  6.0
Spellcasting   | 3 5 |  5.0
Hexes          | 4 5 6 7 |  7.1
Fighting       | 1 6 11 | 11.5
Dodging        | 3 6 7 8 |  8.0
Invocations    | 5 |  5.0

Action                   |  1- 3 |  4- 6 |  7- 9 | 10-12 || total
-------------------------+-------+-------+-------+-------++-------
Melee: Dagger            |    98 |   188 |   277 |   472 ||  1035
 Cast: Corona            |     4 |     3 |     4 |     3 ||    14
       Ensorcelled Hiber |     8 |    40 |    59 |   101 ||   208
       Confusing Touch   |       |       |     6 |    23 ||    29
  Use: Scroll            |     4 |     5 |     5 |    13 ||    27
       Potion            |       |     4 |     4 |     7 ||    15
 Stab: Sleeping          |    12 |    36 |    35 |    59 ||   142
       Distracted        |     1 |       |     1 |       ||     2
       Confused          |       |       |     5 |    22 ||    27
  Eat: Chunk             |    12 |    12 |    17 |    19 ||    60
       Ration            |       |       |       |     1 ||     1
Armor: Robe              |    10 |    39 |    35 |    20 ||   104
       Skin              |       |       |       |     4 ||     4
Dodge: Dodged            |    59 |   104 |   141 |   466 ||   770

Table legend:
 A = Non-vault XP
 B = Vault XP
 C = Vault XP percentage of total XP
 D = Non-vault monster count
 E = Vault monster count
 F = Vault count percentage of total count
                 A         B        C        D         E       F
            +---------+---------+-------+---------+---------+-------
      Total |   12991 |    3227 |  19.9 |     219 |      38 |  14.8
            +---------+---------+-------+---------+---------+-------
        D:1 |      52 |       0 |   0.0 |      27 |       0 |   0.0
        D:2 |     124 |      40 |  24.4 |      17 |      10 |  37.0
        D:3 |     300 |      13 |   4.2 |      26 |       5 |  16.1
        D:4 |     344 |     302 |  46.7 |      10 |       5 |  33.3
        D:5 |     466 |       0 |   0.0 |      18 |       0 |   0.0
        D:6 |     535 |       0 |   0.0 |      12 |       0 |   0.0
        D:7 |    2139 |     986 |  31.6 |      15 |       3 |  16.7
        D:8 |    1478 |     351 |  19.2 |      26 |       3 |  10.3
        D:9 |    1712 |     753 |  30.5 |      14 |       3 |  17.6
       D:10 |    3656 |       0 |   0.0 |      36 |       0 |   0.0
       D:11 |    1529 |     367 |  19.4 |      14 |       1 |   6.7
     Lair:1 |     656 |       0 |   0.0 |       4 |       0 |   0.0
      Sewer |       0 |     113 | 100.0 |       0 |       6 | 100.0
   Gauntlet |       0 |     302 | 100.0 |       0 |       2 | 100.0
            +---------+---------+-------+---------+---------+-------
